 Dungeon Crawl Stone Soup version 0.23.2-40-g277498a (webtiles) character file.

Game seed: 18375220907197019353

319 Aphrodieselac the Charmwright (level 6, -1/44 HPs)
             Began as a Merfolk Skald on Aug 13, 2019.
             Slain by a worker ant (7 damage)
             ... on level 3 of the Dungeon.
             The game lasted 00:15:07 (4280 turns).

Aphrodieselac the Charmwright (Merfolk Skald)       Turns: 4280, Time: 00:15:08

Health: -1/44      AC:  3    Str: 12    XL:     6   Next: 45%
Magic:  6/9        EV: 13    Int: 17    God:
Gold:   104        SH:  0    Dex: 19    Spells: 1/9 levels left

rFire    . . .     SeeInvis .   a - +0 spear
rCold    . . .     Gourm    .   (no shield)
rNeg     . . .     Faith    .   b - +0 leather armour
rPois    .         Spirit   .   (no helmet)
rElec    .         Reflect  .   (no cloak)
rCorr    .         Harm     .   (no gloves)
MR       .....                  (no boots)
Stlth    +.........             (no amulet)
HPRegen  0.14/turn              l - +4 ring of intelligence
MPRegen  0.11/turn              t - +5 ring of dexterity

@: infused, very slightly contaminated
A: change form in water, swift swim, stealthy swim
a: no special abilities


You were on level 3 of the Dungeon.
You were not hungry.

You visited 1 branch of the dungeon, and saw 4 of its levels.

You collected 104 gold pieces.

Inventory:

Hand Weapons
 a - a +0 spear (weapon)
Missiles
 c - 34 sling bullets
Armour
 b - a +0 leather armour (worn)
 o - +0 pearl dragon scales
Jewellery
 l - a +4 ring of intelligence (left hand)
 q - an uncursed ring of ice
 t - a +5 ring of dexterity (right hand)
Scrolls
 f - 3 scrolls of teleportation {unknown}
 g - 2 scrolls of amnesia {unknown}
 h - a scroll of remove curse {unknown}
 j - 2 scrolls of fear {unknown}
 k - 4 scrolls of blinking {unknown}
 m - a scroll of enchant armour {unknown}
 n - 2 scrolls of identify {unknown}
Potions
 e - 2 potions of lignification {unknown}
 i - a potion of heal wounds {unknown}
 p - a potion of mutation {unknown}
 r - a potion of flight {unknown}
 s - a potion of might {unknown}
 u - a potion of magic {unknown}
Comestibles
 d - 4 rations


   Skills:
 - Level 2.1 Fighting
 + Level 6.0 Polearms
 - Level 0.6 Armour
 - Level 2.6 Dodging
 - Level 2.0 Spellcasting
 * Level 6.6 Charms


You had one spell level left.
You knew the following spells:

 Your Spells              Type           Power        Failure   Level  Hunger
a - Infusion              Chrm           ###.         1%          1    #......
b - Song of Slaying       Chrm           ###.....     2%          2    ###....
c - Shroud of Golubria    Chrm/Tloc      ##........   10%         2    ###....
d - Spectral Weapon       Hex/Chrm       ##......     19%         3    ###....

Your spell library contained the following spells:

 Spells                   Type           Power        Failure   Level  Hunger
 Regeneration             Chrm/Necr      ##........   19%         3    ###....


Dungeon Overview and Level Annotations

Branches:
Dungeon (4/15)
 Temple: D:4-7

Altars:
Vehumet

Annotations:
D:3 Sigmund


Message History

There is a stone staircase leading up here.
The worker ant bites you.
* * * LOW HITPOINT WARNING * * *
You climb upwards.
Level annotation: Sigmund
There is a stone staircase leading down here.
Casting: Infusion (safe; 1% risk of failure)
Confirm with . or Enter, or press ? or * to list all spells.
You miscast Infusion.
You are very lightly contaminated with residual magic.
Nothing appears to happen.
The worker ant barely misses you.
Casting: Infusion (safe; 1% risk of failure)
Confirm with . or Enter, or press ? or * to list all spells.
You miscast Infusion.
Nothing appears to happen.
The worker ant bites you.
* * * LOW HITPOINT WARNING * * *
Casting: Infusion (safe; 1% risk of failure)
Confirm with . or Enter, or press ? or * to list all spells.
You begin infusing your attacks with magical energy.
The worker ant bites you!
You die...

####### ###########
#.....# ..........#
#.....# ......)...#
#.....# ...((.....#
#.....#
....).....###.....###
(...................#
...............a@...#
######..............#
#..............#
#..............#
#..............# ##
#..............# .#
#..............# .###
#..............# ...#
#..............#


You could see a worker ant.

Vanquished Creatures
  2 scorpions (D:4)
  Jessica (D:2)
  An iguana (D:4)
  A worker ant (D:4)
  A hound skeleton (D:4)
  5 adders
  An ooze (D:2)
  3 worms (D:2)
  2 dart slugs
  5 leopard geckos
  A ball python (D:3)
  9 bats
  3 giant cockroaches
  7 hobgoblins
  2 jackals (D:2)
  6 kobolds
  4 quokkas
  2 frilled lizards (D:1)
  8 goblins
  A quokka skeleton (D:4)
  5 rats
70 creatures vanquished.

Notes
Turn   | Place    | Note
-------+----------+-------------------------------------------
     0 | D:1      | Aphrodieselac the Merfolk Skald began the quest for the
                  | Orb.
     0 | D:1      | Reached XP level 1. HP: 16/16 MP: 3/3
   115 | D:1      | Reached XP level 2. HP: 10/22 MP: 1/5
   875 | D:2      | Reached XP level 3. HP: 16/27 MP: 1/6
  1766 | D:2      | Reached XP level 4. HP: 28/33 MP: 7/7
  2080 | D:2      | Noticed Jessica
  2085 | D:2      | Reached skill level 5 in Charms
  2098 | D:2      | Killed Jessica
  2098 | D:2      | Reached XP level 5. HP: 25/38 MP: 0/8
  2368 | D:2      | Learned a level 2 spell: Song of Slaying
  2371 | D:2      | Learned a level 2 spell: Shroud of Golubria
  2375 | D:2      | Learned a level 3 spell: Spectral Weapon
  2473 | D:3      | Noticed Sigmund
  2639 | D:3      | Reached skill level 5 in Polearms
  3443 | D:4      | Reached XP level 6. HP: 25/44 MP: 4/9
  3622 | D:4      | Found a radiant altar of Vehumet.
  4280 | D:3      | Slain by a worker ant

Skill      XL: |  1  2  3  4  5  6 |
---------------+-------------------+-----
Charms         | 4 5 6 |  6.6
Polearms       | 4 5 6 |  6.0
Fighting       | |  2.1
Armour         | |  0.6
Dodging        | |  2.6
Spellcasting   | |  2.0

Action                   |  1- 3 |  4- 6 || total
-------------------------+-------+-------++-------
Melee: Spear             |   152 |   197 ||   349
 Cast: Infusion          |     5 |    11 ||    16
 Stab: Sleeping          |     1 |     1 ||     2
  Eat: Ration            |     1 |     1 ||     2
       Chunk             |       |     4 ||     4
Armor: Leather armour    |    27 |    46 ||    73
Dodge: Dodged            |    73 |   133 ||   206
